TOP OF THE 1ST |
Minnesota Twins batting - Pitching for California Angels : RHP Eric Prevost
|
Pitching: RHP Eric Prevost
|
|
Batting: RHB Lee Lacy
|
0-0: Swinging Strike 0-1: Foul Ball, location: 2F 0-2: Ball 1-2: Foul Ball, location: 2F 1-2: Foul Ball, location: 2F 1-2: Strikes out swinging, 2-3 out at first.
|
Batting: LHB Lloyd Moseby
|
0-0: Ball 1-0: Ball 2-0: Swinging Strike 2-1: Ball 3-1: Base on Balls
|
Batting: RHB Steve Brye
|
0-0: Called Strike Lloyd Moseby steals 2nd base 0-1: Ball 1-1: Ball 2-1: Foul Ball, location: 2F 2-2: Fly out, F9 (Line Drive, 89M, EV 95.0 MPH)
|
Batting: SHB Jerry Mumphrey
|
0-0: SINGLE (Line Drive, 8RS, EV 109.4 MPH) Lloyd Moseby to third Runner from 3rd tries for Home, SAFE, throw by CF to home Jerry Mumphrey to second
|
Batting: RHB Chet Lemon
|
0-0: Foul Ball, location: 2F 0-1: Fly out, F3 (Popup, 3SF, EV 78.1 MPH)
|
Top of the 1st over - 1 run, 1 hit, 0 errors, 1 left on base; Minnesota 1 - California 0 |
BOTTOM OF THE 1ST |
California Angels batting - Pitching for Minnesota Twins : LHP Mauricio Valdivia
|
Pitching: LHP Mauricio Valdivia
|
|
Batting: RHB Charlie Moore
|
0-0: Bunt missed! 0-1: Ground out 5-3 (Groundball, 56S, EV 70.6 MPH)
|
Batting: LHB Ralph Garr
|
0-0: Called Strike 0-1: Swinging Strike 0-2: Foul Ball, location: 2F 0-2: Ball 1-2: SINGLE (Flyball, 5D, EV 95.0 MPH)
|
Batting: SHB Jon Hernandez
|
0-0: Ball 1-0: SINGLE (Groundball, 4MD, EV 96.9 MPH) Ralph Garr to second Runner from 2nd tries for 3rd, SAFE, throw by CF made to third
|
Batting: LHB Brian Rosinski
|
0-0: Swinging Strike 0-1: Ball 1-1: Called Strike 1-2: Strikes out swinging
|
Batting: RHB Carlos Pimentel
|
0-0: Ball 1-0: Ball 2-0: Fielders Choice at 2nd, 5-4 (Groundball, 56, EV 101.3 MPH)
|
Bottom of the 1st over - 0 runs, 2 hits, 0 errors, 2 left on base; Minnesota 1 - California 0 |
TOP OF THE 2ND |
Minnesota Twins batting - Pitching for California Angels : RHP Eric Prevost
|
Batting: RHB Matt Cooper
|
0-0: Called Strike 0-1: Ball 1-1: Ball 2-1: Fly out, F8 (Line Drive, 8LM, EV 99.4 MPH)
|
Batting: LHB Eloy Escobedo
|
0-0: Foul Ball, location: 2F 0-1: Ball 1-1: Ball 2-1: Ball 3-1: Base on Balls
|
Batting: RHB Aurelio Rodriguez
|
0-0: Fly out, F8 (Line Drive, 8LM, EV 91.9 MPH)
|
Batting: LHB Ken Oberkfell
|
0-0: Called Strike 0-1: Ball 1-1: Swinging Strike 1-2: SINGLE (Line Drive, 78M, EV 86.9 MPH) Eloy Escobedo to second Runner from 2nd tries for 3rd, SAFE, throw by LF made to third
|
Batting: RHB Lee Lacy
|
0-0: Ball 1-0: Ball 2-0: Called Strike 2-1: Fly out, F7 (Flyball, 78S, EV 93.1 MPH)
|
Top of the 2nd over - 0 runs, 1 hit, 0 errors, 2 left on base; Minnesota 1 - California 0 |
BOTTOM OF THE 2ND |
California Angels batting - Pitching for Minnesota Twins : LHP Mauricio Valdivia
|
Batting: RHB Jeff Atherton
|
0-0: Fly out, F8 (Line Drive, 8RD, EV 86.3 MPH)
|
Batting: RHB Rafael Ramirez
|
0-0: Called Strike 0-1: Swinging Strike 0-2: Ball 1-2: Foul Ball, location: 2F 1-2: Ball 2-2: Foul Ball, location: 2F 2-2: Fly out, F7 (Line Drive, 7, EV 93.8 MPH)
|
Batting: SHB Manny Castillo
|
0-0: Ball 1-0: Called Strike 1-1: Fly out, F7 (Line Drive, 7, EV 91.3 MPH)
|
Bottom of the 2nd over - 0 runs, 0 hits, 0 errors, 0 left on base; Minnesota 1 - California 0 |
TOP OF THE 3RD |
Minnesota Twins batting - Pitching for California Angels : RHP Eric Prevost
|
Batting: LHB Lloyd Moseby
|
0-0: Ball 1-0: Foul Ball, location: 2F 1-1: Called Strike 1-2: Foul Ball, location: 2F 1-2: Foul Ball, location: 2F 1-2: Ground out 6-3 (Groundball, 6M, EV 85.0 MPH)
|
Batting: RHB Steve Brye
|
0-0: Ball 1-0: Ball 2-0: Foul Ball, location: 2F 2-1: Foul Ball, location: 2F 2-2: Fly out, F9 (Line Drive, 9, EV 104.4 MPH)
|
Batting: SHB Jerry Mumphrey
|
0-0: Ball 1-0: Ground out 4-3 (Groundball, 34, EV 103.8 MPH)
|
Top of the 3rd over - 0 runs, 0 hits, 0 errors, 0 left on base; Minnesota 1 - California 0 |
BOTTOM OF THE 3RD |
California Angels batting - Pitching for Minnesota Twins : LHP Mauricio Valdivia
|
Batting: SHB Ignacio Medina
|
0-0: Ball 1-0: Foul Ball, location: 2F 1-1: Ball 2-1: Swinging Strike 2-2: Ground out 5-3 (Groundball, 25, EV 89.4 MPH)
|
Batting: RHB Charlie Moore
|
0-0: Ball 1-0: Ball 2-0: DOUBLE (Line Drive, 9LM, EV 108.8 MPH)
|
Batting: LHB Ralph Garr
|
0-0: Foul Ball, location: 2F 0-1: Foul Ball, location: 2F 0-2: Ball 1-2: Fly out, F7 (Flyball, 7LS, EV 81.9 MPH)
|
Batting: SHB Jon Hernandez
|
0-0: Ball 1-0: Foul Ball, location: 2F 1-1: Foul Ball, location: 2F 1-2: Foul Ball, location: 2F 1-2: Ball 2-2: Ground out 6-3 (Groundball, 56, EV 85.6 MPH)
|
Bottom of the 3rd over - 0 runs, 1 hit, 0 errors, 1 left on base; Minnesota 1 - California 0 |
TOP OF THE 4TH |
Minnesota Twins batting - Pitching for California Angels : RHP Eric Prevost
|
Batting: RHB Chet Lemon
|
0-0: Foul Ball, location: 2F 0-1: Called Strike 0-2: Ball 1-2: Fly out, F9 (Line Drive, 9D, EV 91.9 MPH)
|
Batting: RHB Matt Cooper
|
0-0: Called Strike 0-1: Ball 1-1: Foul Ball, location: 2F 1-2: Ball 2-2: Ball 3-2: Fly out, F8 (Line Drive, 8RM, EV 91.3 MPH)
|
Batting: LHB Eloy Escobedo
|
0-0: Ball 1-0: Ball 2-0: Ball 3-0: Base on Balls
|
Batting: RHB Aurelio Rodriguez
|
0-0: Called Strike 0-1: Ball 1-1: Ball 2-1: Ground out 2-3 (Groundball, 13S, EV 60.6 MPH)
|
Top of the 4th over - 0 runs, 0 hits, 0 errors, 1 left on base; Minnesota 1 - California 0 |
BOTTOM OF THE 4TH |
California Angels batting - Pitching for Minnesota Twins : LHP Mauricio Valdivia
|
Batting: LHB Brian Rosinski
|
0-0: Foul Ball, location: 2F 0-1: DOUBLE (Line Drive, 7LM, EV 103.1 MPH)
|
Batting: RHB Carlos Pimentel
|
0-0: Ground out 6-3 (Groundball, 6, EV 102.5 MPH)
|
Batting: RHB Jeff Atherton
|
0-0: Called Strike 0-1: Fly out, F8 (Flyball, 8RS, EV 86.3 MPH)
|
Batting: RHB Rafael Ramirez
|
0-0: Ball 1-0: Foul Ball, location: 2F 1-1: Ground out 6-3 (Groundball, 6M, EV 105.6 MPH)
|
Bottom of the 4th over - 0 runs, 1 hit, 0 errors, 1 left on base; Minnesota 1 - California 0 |
TOP OF THE 5TH |
Minnesota Twins batting - Pitching for California Angels : RHP Eric Prevost
|
Batting: LHB Ken Oberkfell
|
0-0: Ground out 3-1 (Groundball, 34, EV 111.3 MPH)
|
Batting: RHB Lee Lacy
|
0-0: Called Strike 0-1: Ground out 5-3 (Groundball, 56, EV 102.5 MPH)
|
Batting: LHB Lloyd Moseby
|
0-0: Ball 1-0: Called Strike 1-1: Fly out, F8 (Line Drive, 8LM, EV 95.6 MPH)
|
Top of the 5th over - 0 runs, 0 hits, 0 errors, 0 left on base; Minnesota 1 - California 0 |
BOTTOM OF THE 5TH |
California Angels batting - Pitching for Minnesota Twins : LHP Mauricio Valdivia
|
Batting: SHB Manny Castillo
|
0-0: Swinging Strike 0-1: Swinging Strike 0-2: SINGLE (Groundball, 56S, EV 71.3 MPH) (infield hit)
|
Batting: SHB Ignacio Medina
|
0-0: Called Strike 0-1: Sac Bunt to P - play at first, batter OUT! 1-4 Manny Castillo to second
|
Batting: RHB Charlie Moore
|
0-0: Ball 1-0: Called Strike 1-1: Ground out 6-3 (Groundball, 6, EV 103.8 MPH)
|
Batting: LHB Ralph Garr
|
0-0: Ball 1-0: 2-RUN HOME RUN (Flyball, 89XD, EV 106.9 MPH), Distance : 408 ft
|
Batting: SHB Jon Hernandez
|
0-0: Foul Ball, location: 2F 0-1: Called Strike 0-2: Foul Ball, location: 2F 0-2: Ball 1-2: Ball 2-2: Foul Ball, location: 2F 2-2: Ball 3-2: Foul Ball, location: 2F 3-2: Base on Balls
|
Batting: LHB Brian Rosinski
|
0-0: Called Strike 0-1: Ball 1-1: Swinging Strike 1-2: Fly out, F5 (Popup, 56S, EV 76.9 MPH)
|
Bottom of the 5th over - 2 runs, 2 hits, 0 errors, 1 left on base; Minnesota 1 - California 2 |
TOP OF THE 6TH |
Minnesota Twins batting - Pitching for California Angels : RHP Eric Prevost
|
Batting: RHB Steve Brye
|
0-0: Ball 1-0: Called Strike 1-1: Foul Ball, location: 2F 1-2: Ball 2-2: Ball 3-2: SOLO HOME RUN (Flyball, 7D, EV 110.0 MPH), Distance : 380 ft
|
Batting: SHB Jerry Mumphrey
|
0-0: Ball 1-0: Swinging Strike 1-1: Ball 2-1: Fly out, F8 (Flyball, 8LD, EV 96.9 MPH)
|
Batting: RHB Chet Lemon
|
0-0: Called Strike 0-1: Ball 1-1: Swinging Strike 1-2: Ground out 6-3 (Groundball, 6, EV 105.0 MPH)
|
Batting: RHB Matt Cooper
|
0-0: Called Strike 0-1: Ball 1-1: Swinging Strike 1-2: Foul Ball, location: 2F 1-2: Fly out, F8 (Line Drive, 8LM, EV 97.5 MPH)
|
Top of the 6th over - 1 run, 1 hit, 0 errors, 0 left on base; Minnesota 2 - California 2 |
BOTTOM OF THE 6TH |
California Angels batting - Pitching for Minnesota Twins : LHP Mauricio Valdivia
|
Batting: RHB Carlos Pimentel
|
0-0: Called Strike 0-1: Called Strike 0-2: Ball 1-2: Ball 2-2: Ground out 6-3 (Groundball, 6, EV 83.8 MPH)
|
Batting: RHB Jeff Atherton
|
0-0: Ball 1-0: SINGLE (Flyball, 3D, EV 97.5 MPH)
|
Batting: RHB Rafael Ramirez
|
0-0: Called Strike 0-1: Ball 1-1: Fielders Choice at 2nd, 5-4 (Groundball, 5, EV 96.3 MPH)
|
Batting: SHB Manny Castillo
|
0-0: Fielders Choice at 2nd, 6-4 (Groundball, 6, EV 99.4 MPH)
|
Bottom of the 6th over - 0 runs, 1 hit, 0 errors, 1 left on base; Minnesota 2 - California 2 |
TOP OF THE 7TH |
Minnesota Twins batting - Pitching for California Angels : RHP Eric Prevost
|
Batting: LHB Eloy Escobedo
|
0-0: Ground out 6-3 (Groundball, 6, EV 108.1 MPH)
|
Batting: RHB Aurelio Rodriguez
|
0-0: Ball 1-0: Fly out, F9 (Line Drive, 9D, EV 89.4 MPH)
|
Batting: LHB Ken Oberkfell
|
0-0: Ball 1-0: Ground out 6-3 (Groundball, 6, EV 87.5 MPH)
|
Top of the 7th over - 0 runs, 0 hits, 0 errors, 0 left on base; Minnesota 2 - California 2 |
BOTTOM OF THE 7TH |
California Angels batting - Pitching for Minnesota Twins : LHP Mauricio Valdivia
|
Batting: SHB Ignacio Medina
|
0-0: Fly out, F8 (Flyball, 8RS, EV 90.0 MPH)
|
Batting: RHB Charlie Moore
|
0-0: Foul Ball, location: 2F 0-1: Ball 1-1: Foul Ball, location: 2F 1-2: Ball 2-2: Ground out 5-3 (Groundball, 56, EV 101.3 MPH)
|
Batting: LHB Ralph Garr
|
0-0: Called Strike 0-1: Swinging Strike 0-2: Ball 1-2: Fly out, F7 (Flyball, 7LS, EV 96.3 MPH)
|
Bottom of the 7th over - 0 runs, 0 hits, 0 errors, 0 left on base; Minnesota 2 - California 2 |
TOP OF THE 8TH |
Minnesota Twins batting - Pitching for California Angels : RHP Eric Prevost
|
Batting: RHB Lee Lacy
|
0-0: Called Strike 0-1: Called Strike 0-2: Foul Ball, location: 2F 0-2: Foul Ball, location: 2F 0-2: Ball 1-2: Fly out, F6 (Popup, 4MS, EV 83.8 MPH)
|
Batting: LHB Lloyd Moseby
|
0-0: Ball 1-0: Ball 2-0: Foul Ball, location: 2F 2-1: Ball 3-1: Ground out 5-3 (Groundball, 56S, EV 70.6 MPH)
|
Batting: RHB Steve Brye
|
0-0: Called Strike 0-1: Ground out 6-3 (Groundball, 6, EV 99.4 MPH)
|
Top of the 8th over - 0 runs, 0 hits, 0 errors, 0 left on base; Minnesota 2 - California 2 |
BOTTOM OF THE 8TH |
California Angels batting - Pitching for Minnesota Twins : LHP Mauricio Valdivia
|
Batting: SHB Jon Hernandez
|
0-0: Ball 1-0: Foul Ball, location: 2F 1-1: Foul Ball, location: 2F 1-2: Ground out 6-3 (Groundball, 6, EV 84.4 MPH)
|
Pitching: RHP Stephen Fuller
|
|
Batting: LHB Brian Rosinski
|
0-0: Ball 1-0: Foul Ball, location: 2F 1-1: Called Strike 1-2: Strikes out swinging
|
Batting: RHB Carlos Pimentel
|
0-0: Ball 1-0: Fly out, F9 (Line Drive, 9, EV 103.8 MPH)
|
Bottom of the 8th over - 0 runs, 0 hits, 0 errors, 0 left on base; Minnesota 2 - California 2 |
TOP OF THE 9TH |
Minnesota Twins batting - Pitching for California Angels : RHP Eric Prevost
|
Pitching: RHP Jerry Reed
|
|
Batting: SHB Jerry Mumphrey
|
0-0: Swinging Strike 0-1: SINGLE (Flyball, 7LS, EV 81.9 MPH)
|
Batting: RHB Chet Lemon
|
0-0: Ball 1-0: Called Strike 1-1: Ball 2-1: Ball 3-1: Fly out, F8 (Flyball, 8LD, EV 91.3 MPH)
|
Batting: RHB Matt Cooper
|
0-0: Ball 1-0: Ball 2-0: SINGLE (Line Drive, 8LS, EV 101.9 MPH) Jerry Mumphrey to second Runner from 2nd tries for 3rd, SAFE, no throw by CF
|
Batting: LHB Eloy Escobedo
|
0-0: Swinging Strike 0-1: Reached on error, E6 (Groundball, 56, EV 101.3 MPH) Jerry Mumphrey scores Matt Cooper to second
|
Pinch Runner at 2nd Tony Bernazard:
|
|
Batting: RHB Aurelio Rodriguez
|
0-0: Called Strike 0-1: Swinging Strike 0-2: Ball 1-2: Strikes out swinging
|
Batting: LHB Ken Oberkfell
|
0-0: Called Strike 0-1: Ball 1-1: Ball 2-1: Ball 3-1: Called Strike 3-2: Fly out, F5 (Popup, 5SF, EV 71.9 MPH)
|
Top of the 9th over - 1 run, 2 hits, 1 error, 2 left on base; Minnesota 3 - California 2 |
BOTTOM OF THE 9TH |
California Angels batting - Pitching for Minnesota Twins : RHP Stephen Fuller
|
Now at C: Tom Brown
|
|
Now at 2B: Taylor Duncan
|
|
Batting: RHB Jeff Atherton
|
0-0: Called Strike 0-1: Called Strike 0-2: Ball 1-2: Ball 2-2: Ground out 4-3 (Groundball, 34, EV 108.8 MPH)
|
Pinch Hitting: LHB John Milner
|
0-0: Foul Ball, location: 2F 0-1: Foul Ball, location: 2F 0-2: Ball 1-2: Ball 2-2: Ball 3-2: Foul Ball, location: 2F 3-2: Foul Ball, location: 2F 3-2: Ground out 6-3 (Groundball, 56, EV 95.0 MPH)
|
Batting: SHB Manny Castillo
|
0-0: Foul Ball, location: 2F 0-1: Foul Ball, location: 2F 0-2: Ball 1-2: Strikes out swinging
|
Bottom of the 9th over - 0 runs, 0 hits, 0 errors, 0 left on base; Minnesota 3 - California 2 |
|